 Dungeon Crawl Stone Soup version 0.31-a0-1074-g0b22e4e0f1 (webtiles) character file.

Game seed: 13067499043331302332

7770 strifetoe the Mimic (level 11, -4/84 HPs)
             Began as a Merfolk Shapeshifter on Nov 26, 2023.
             Was a Priest of Qazlal.
             Killed from afar by an electric eel (10 damage)
             ... with a bolt of electricity
             ... on level 10 of the Dungeon.
             The game lasted 00:12:23 (12410 turns).

strifetoe the Mimic (Merfolk Shapeshifter)         Turns: 12410, Time: 00:12:24

Health: -4/84      AC:  6    Str: 18    XL:     11   Next: 20%
Magic:  11/11      EV: 17    Int: 11    God:    Qazlal [***...]
Gold:   525        SH:  9    Dex: 13    Spells: 10/10 levels left

rFire   + .          .
                       - Unarmed
rCold   . . .        (shield currently unavailable)
rNeg    . . .        h - +1 ring mail {Will+}
rPois   .            (no helmet)
rElec   .            (no cloak)
rCorr   +            (no gloves)
SInv    .            (boots currently unavailable)
Will    +....        w - amulet of reflection
Stlth   +            G - ring of resist corrosion
HPRegen 0.34/turn    v - ring of protection from fire
MPRegen 0.12/turn

%: reflection
@: flux-form, glowing, very quick
A: glow, contaminating, nimble swimmer 2, mertail
a: Begin Untransformation, Renounce Religion, Upheaval, Elemental Force


You were on level 10 of the Dungeon.
You worshipped Qazlal.
Qazlal was most pleased with you.
You were something dangerously unstable.
You visited 2 branches of the dungeon, and saw 11 of its levels.
You also visited: Sewer.

You collected 525 gold pieces.

Inventory:

Missiles
 u - 2 throwing nets
Armour
 a - a +0 animal skin
 g - a +0 chain mail
 h - a +1 ring mail of willpower (worn)
 p - a +0 buckler
Jewellery
 v - a ring of protection from fire (right hand)
 w - an amulet of reflection (around neck)
 G - a ring of resist corrosion (left hand)
 J - a +5 ring of evasion
Talismans
 c - a beast talisman
 d - a flux talisman (active)
Wands
 q - a wand of flame (27)
 s - a wand of charming (30)
 y - a wand of mindburst (8)
Scrolls
 e - 2 scrolls of immolation
 r - a scroll of enchant armour
 x - 3 scrolls of enchant weapon
 A - 4 scrolls of teleportation
 B - 4 scrolls of fog
 C - 3 scrolls of poison
 E - a scroll of blinking
 H - 2 scrolls of revelation
 I - a scroll of vulnerability
 K - a scroll of identify
Potions
 b - a potion of lignification
 f - 4 potions of mutation
 i - 4 potions of might
 j - 3 potions of ambrosia
 k - 2 potions of resistance
 l - a potion of heal wounds
 m - a potion of brilliance
 n - 3 potions of magic
 o - 2 potions of haste
 t - 4 potions of curing
 z - a potion of attraction {unknown}
 D - 2 potions of invisibility
 F - a potion of berserk rage


   Skills:
 - Level 7.6 Fighting
 - Level 4.3 Armour
 - Level 8.2 Dodging
 - Level 7.0 Unarmed Combat
 + Level 14.4 Shapeshifting


You had 10 spell levels left.
You didn't know any spells.
Your spell library contained the following spells:

 Spells                   Type           Power      Damage    Failure   Level
 Necrotise                Necr           0%         1d4       52%         1
 Sting                    Tmut/Pois      0%         1d3       52%         1
 Ensorcelled Hibernation  Hex/Ice        0%         N/A       65%         2
 Lesser Beckoning         Tloc           0%         N/A       65%         2
 Passwall                 Tmut/Erth      0%         N/A       65%         2
 Poisonous Vapours        Pois/Air       0%         N/A       65%         2
 Sublimation of Blood     Necr           0%         N/A       65%         2
 Wereblood                Tmut           0%         N/A       65%         2
 Dazzling Flash           Conj/Hex       0%         N/A       87%         3
 Gell's Gravitas          Tloc           0%         N/A       87%         3
 Summon Guardian Golem    Hex/Summ       0%         N/A       87%         3
 Swiftness                Air            0%         N/A       87%         3
 Teleport Other           Tloc           0%         N/A       87%         3
 Vampiric Draining        Necr           0%         2d6       87%         3
 Volatile Blastmotes      Fire/Tloc      0%         2d10      87%         3
 Olgreb's Toxic Radiance  Pois           0%         N/A       99%         4
 Agony                    Necr           0%         N/A       100%        5
 Simulacrum               Ice/Necr       0%         N/A       100%        6
 Starburst                Conj/Fire      0%         6d3       100%        6
 Orb of Destruction       Conj           0%         9d5       100%        7
 Ozocubu's Refrigeration  Ice            0%         4d7       100%        7
 Spellforged Servitor     Conj/Summ      0%         N/A       100%        7
 Summon Hydra             Summ           0%         N/A       100%        7
 Maxwell's Capacitive Co  Air            0%         ∞         100%        8
 Polar Vortex             Ice            0%         N/A       100%        9


Dungeon Overview and Level Annotations

Branches:
Dungeon (10/15)            Temple (1/1) D:4            Lair (0/5) D:9
  Sewer (visited)
    Orc: D:9-12

Altars:
Ashenzari
Cheibriados
Dithmenos
Elyvilon
Fedhas
Gozag
Hepliaklqana
Kikubaaqudgha
Makhleb
Nemelex Xobeh
Okawaru
Qazlal
Ru
Sif Muna
Trog
Uskayaw
Vehumet
Wu Jian
Xom
Yredelemnul
Zin
The Shining One

Annotations:
D:3 3 runed translucent doors, RandomusNamus's ghost, amateur OpSh
D:9 4 transporters


Innate Abilities, Weirdness & Mutations

You are something dangerously unstable.
You glow with magical radiation, making you easy to see and hit.
Foes you strike become dangerously contaminated with magical radiation.
You are incapable of wielding weapons or throwing items.
You are very nimble when in or above water. (Stealth+, EV+, Speed+++)
Your lower body shifts to a powerful aquatic tail in water.


Message History

The electric eel shoots out a bolt of lightning at you!
The bolt of electricity hits you.
* * * LOW HITPOINT WARNING * * *
Unknown command.
You feel much better.
The electric eel shoots out a bolt of lightning at you!
The bolt of electricity hits you.
* * * LOW HITPOINT WARNING * * *
You hit the electric eel.
The electric eel begins to glow.
The electric eel is severely wounded.
The electric eel shoots out a bolt of lightning at you!
The bolt of electricity hits you!
* * * LOW HITPOINT WARNING * * *
You completely miss the electric eel.
The electric eel is severely wounded.
The electric eel shoots out a bolt of lightning at you!
The bolt of electricity hits you.
* * * LOW HITPOINT WARNING * * *
The electric eel shoots out a bolt of lightning at you!
The bolt of electricity hits you!
* * * LOW HITPOINT WARNING * * *
You feel much better.
The electric eel shoots out a bolt of lightning at you!
The bolt of electricity hits you!
* * * LOW HITPOINT WARNING * * *
You hit the electric eel.
The electric eel glows dangerously bright.
The electric eel is severely wounded.
You hit the electric eel but do no damage.
The electric eel shudders as magic cascades through it!
You kill the electric eel!
Qazlal accepts your kill.
The electric eel shoots out a bolt of lightning at you!
The bolt of electricity misses you.
You barely miss the electric eel.
The electric eel shoots out a bolt of lightning at you!
The bolt of electricity hits you!
* * * LOW HITPOINT WARNING * * *
The bolt of electricity hits you!
You die...

##### ###≈≈≈###
##≈≈≈≈p≈≈###
#≈≈≈≈≈○S≈≈≈≈###
≈≈≈≈≈###°≈≈≈≈≈##
~≈≈# ##≈≈≈≈≈≈##
≈≈ ####≈≈≈≈### ≈
##≈≈≈≈≈##
###≈≈≈≈# ##≈≈≈##
##≈≈≈###


You could see an electric eel.

Vanquished Creatures
  Erica (D:8)
  A two-headed ogre (D:8)
  2 hornets
  2 trolls
  Sigmund (D:2)
  A wraith (D:10)
  2 humans (D:9)
  3 wyverns
  5 yaks (D:9)
  4 vampire mosquitoes (D:9)
  A steam dragon (D:9)
  3 ice beasts
  An orc warrior (D:9)
  A sky beast (D:3)
  A black bear (D:4)
  2 centaurs (D:8)
  A phantom (D:6)
  3 kobold brigands
  Blork the orc (D:6)
  2 bullfrogs
  7 scorpions
  2 wyvern zombies (D:8)
  A wight (D:8)
  6 killer bees (D:8)
  An electric eel (D:10)
  5 howler monkeys
  A crimson imp (D:7)
  2 jellies (D:7)
  2 centaur zombies (D:8)
  3 orc priests
  4 hounds
  A gnoll bouda (D:4)
  6 iguanas
  3 sleepcaps (D:5)
  Natasha (thrice) (D:4)
  5 orc wizards
  A killer bee zombie (D:8)
  3 howler monkey zombies (D:8)
  6 gnolls
  13 adders
  A shadow imp (D:8)
  2 white imps
  4 worms
  2 dart slugs (D:3)
  31 orcs
  16 bats
  5 endoplasms
  5 giant cockroaches
  9 goblins
  4 hobgoblins
  14 jackals
  5 quokkas
  14 ball pythons
  3 frilled lizards
  31 kobolds
  6 rats
265 creatures vanquished.

Vanquished Creatures (collateral kills)
  A ball python (D:4)
1 creature vanquished.

Vanquished Creatures (others)
  2 gnolls (D:4)
2 creatures vanquished.

Grand Total: 268 creatures vanquished

Notes
Turn   | Place    | Note
-------+----------+-------------------------------------------
     0 | D:1      | strifetoe the Merfolk Shapeshifter began the quest for the
                  | Orb.
     0 | D:1      | Reached XP level 1. HP: 15/15 MP: 1/1
   104 | D:1      | Reached XP level 2. HP: 20/21 MP: 2/2
   356 | D:1      | Found a faded altar of an unknown god.
   684 | D:1      | Reached XP level 3. HP: 26/26 MP: 3/3
  1302 | D:2      | Noticed Sigmund
  1310 | D:2      | Killed Sigmund
  1311 | D:2      | Reached XP level 4. HP: 27/32 MP: 4/4
  1311 | D:2      | Reached XP level 5. HP: 32/37 MP: 5/5
  1959 | D:2      | Reached XP level 6. HP: 37/43 MP: 6/6
  2050 | D:3      | Found a radiant altar of Vehumet.
  2092 | D:3      | Reached skill level 5 in Shapeshifting
  2688 | D:3      | Noticed a sky beast
  2703 | D:3      | Killed a sky beast
  2704 | D:3      | Reached skill level 6 in Shapeshifting
  2704 | D:3      | Reached XP level 7. HP: 25/48 MP: 7/7
  2809 | D:3      | Found a runed translucent gate.
  2809 | D:3      | Found a runed translucent gate.
  2810 | D:3      | Found a runed translucent gate.
  2814 | D:3      | Noticed RandomusNamus's ghost (amateur OpSh)
  3110 | D:4      | Found a glowing drain.
  3127 | Sewer    | Entered a sewer
  3172 | Sewer    | Reached skill level 7 in Shapeshifting
  3845 | D:4      | Reached skill level 8 in Shapeshifting
  3976 | D:4      | Found a hide-covered altar of Uskayaw.
  4118 | D:4      | Noticed Natasha
  4126 | D:4      | Killed Natasha
  4485 | D:4      | Found a staircase to the Ecumenical Temple.
  4502 | D:4      | Noticed Natasha
  4509 | D:4      | Killed Natasha
  4519 | Temple   | Entered the Ecumenical Temple
  4568 | D:4      | Noticed Natasha
  4575 | D:4      | Killed Natasha
  4576 | D:4      | Reached skill level 1 in Armour
  4637 | D:1      | Prayed at the altar of an unknown god.
  4637 | D:1      | Became a worshipper of Qazlal Stormbringer
  4637 | D:1      | Reached * piety under Qazlal
  4698 | D:5      | Entered Level 5 of the Dungeon
  4726 | D:5      | Reached XP level 8. HP: 55/56 MP: 8/8
  5874 | D:5      | Reached skill level 5 in Dodging
  6552 | D:6      | Identified the +10 chain mail of Qackid {Int+6}
  6672 | D:6      | Noticed Blork the orc
  6679 | D:6      | Killed Blork the orc
  6797 | D:6      | Reached XP level 9. HP: 42/67 MP: 9/9
  6889 | D:6      | Reached skill level 5 in Fighting
  7204 | D:7      | Reached ** piety under Qazlal
  8067 | D:7      | Found a hazy altar of Hepliaklqana.
  8196 | D:7      | Found a burning altar of Makhleb.
  8456 | D:8      | Found a broken altar of Ashenzari.
  8456 | D:8      | Found a stormy altar of Qazlal.
  8714 | D:8      | Noticed Erica
  8728 | D:8      | Killed Erica
  8729 | D:8      | Reached skill level 9 in Shapeshifting
  8729 | D:8      | Reached XP level 10. HP: 23/79 MP: 10/10
  8950 | D:8      | Found a glowing golden altar of the Shining One.
  8985 | D:8      | Reached *** piety under Qazlal
  9271 | D:8      | Found a basalt altar of Yredelemnul.
  9384 | D:8      | Noticed a two-headed ogre
  9396 | D:8      | Killed a two-headed ogre
  9397 | D:8      | Reached skill level 10 in Shapeshifting
  9815 | D:8      | Reached skill level 11 in Shapeshifting
 10107 | D:9      | Found a staircase to the Lair.
 10131 | D:9      | Reached skill level 12 in Shapeshifting
 10530 | D:9      | Found an ancient bone altar of Kikubaaqudgha.
 10572 | D:9      | Reached skill level 13 in Shapeshifting
 10585 | D:9      | Reached XP level 11. HP: 54/84 MP: 11/11
 10731 | D:9      | Found an iron altar of Okawaru.
 11084 | D:9      | Found a transporter.
 11085 | D:9      | Found a transporter.
 11088 | D:9      | Found a transporter.
 11317 | D:9      | Reached skill level 14 in Shapeshifting
 11572 | D:9      | Found a glowing silver altar of Zin.
 11671 | D:9      | Found a transporter.
 11778 | D:10     | Entered Level 10 of the Dungeon
 12405 | D:10     | HP: 2/84 [electric eel/bolt of electricity (7)]
 12410 | D:10     | Killed from afar by an electric eel

Illustrated notes

Levels and vault maps discovered:
D:1:      arrival_zaba_pyramid, layout_basic,
          dreamdust_ecumenical_altar_statues, serial_bayou_pond_d,
          nicolae_titane
D:2:      kennysheep_big_flooded_room, layout_basic, uniq_sigmund
D:3:      layout_loops_ring, mainiacjoe_overflow_alcove_1,
          gammafunk_ghost_necromancy, minmay_ruptured
D:4:      layout_basic, nicolae_uskayaw_murder_on_the_dancefloor,
          minmay_temple_entry_mist, cheibrodos_sewer_entry_drain,
          saegor_snake_ambush, uniq_natasha
D:5:      layout_gridville
D:6:      layout_rooms, uniq_blork_the_orc
D:7:      old_forge, layout_basic, makhleb_grotto_becter,
          mainiacjoe_overflow_boulevard
D:8:      layout_basic, mainiacjoe_overflow_24_doors,
          nicolae_yredelemnul_corpse_copse, jmf_multi_god_temple, uniq_erica
D:9:      layout_layer_cave, zin_treasury, nicolae_kikubaaqudgha_miasma_corner,
          okawaru_humans, lair_entry_dummy, nicolae_diode_quadrants
D:10:     statuecave_lemuel, layout_basic, david_orc_4
Temple:   chequers_temple_sunken

Skill      XL: |  1  2  3  4  5  6  7  8  9 10 11 |
---------------+----------------------------------+-----
Unarmed Combat | 4 6 7 |  7.0
Shapeshifting  | 6 8 9 13 14 | 14.4
Dodging        | 3 6 8 |  8.2
Fighting       | 2 4 7 |  7.6
Armour         | 1 3 4 |  4.3

Action                     |  1- 3 |  4- 6 |  7- 9 | 10-12 || total
---------------------------+-------+-------+-------+-------++-------
  Melee: Unarmed           |    85 |   103 |   489 |   232 ||   909
         Punch             |     3 |     2 |     1 |       ||     6
         Tailslap          |       |       |     7 |       ||     7
Ability: Begin Untransform |       |       |     1 |       ||     1
  Evoke: Wand              |       |       |    10 |       ||    10
    Use: Scroll            |     1 |     5 |    12 |     1 ||    19
         Potion            |       |       |     7 |     4 ||    11
   Stab: Sleeping          |       |       |     1 |       ||     1
 Armour: Animal skin       |    12 |       |       |       ||    12
         Chain mail        |    31 |       |       |       ||    31
         Ring mail         |     2 |    66 |   289 |   129 ||   486
  Dodge: Dodged            |    46 |    39 |   316 |   117 ||   518
  Block: Other             |       |       |    36 |    60 ||    96
   Form: Beast             |       |       |     1 |       ||     1
         Flux              |       |       |     1 |       ||     1

Table legend: (Time is in decaauts)
 A = Elapsed time spent in this place.
 B = Non-inter-level travel time spent in this place.
 C = Inter-level travel time spent in this place.
 D = Time resting spent in this place.
 E = Time spent auto-exploring this place.
 F = Levels seen in this place.
 G = Mean time per level.
                   A        B        C        D        E       F      G
               +--------+--------+--------+--------+--------+-----+--------+
         Total |  12214 |  11737 |    477 |   1553 |   8478 |  12 | 1017.8 |
       Dungeon |  11806 |  11337 |    469 |   1503 |   8260 |  10 | 1180.6 |
        Temple |     30 |     23 |      7 |      0 |      0 |   1 |   30.0 |
         Sewer |    378 |    378 |      0 |     49 |    217 |   1 |  378.0 |
               +--------+--------+--------+--------+--------+-----+--------+

Top non-repeatable levels by time:
     D:8: 1786 daAuts
     D:9: 1671 daAuts
     D:4: 1285 daAuts
     D:1: 1276 daAuts
     D:7: 1232 daAuts
     D:5: 1119 daAuts
     D:3: 995 daAuts
     D:6: 925 daAuts
     D:2: 894 daAuts
    D:10: 619 daAuts
   Sewer: 378 daAuts
  Temple: 30 daAuts
